 Dungeon Crawl Stone Soup version 0.16-a0-2669-g4c00d22 (webtiles) character file.

453 Ololoev the Chopper (level 7, 0/35 HPs)
             Began as a Vine Stalker Berserker on Nov 24, 2014.
             Was a Priest of Trog.
             Succumbed to a giant mite's poison
             ... on level 6 of the Dungeon.
             The game lasted 00:06:44 (866 turns).

Ololoev the Chopper (Vine Stalker Berserker)         Turns: 866, Time: 00:06:44

Health: 0/35       AC:  6    Str: 22    XL:     7   Next: 5%
Magic:  3/9        EV:  9    Int:  7    God:    Trog [***...]
Gold:   44         SH:  0    Dex: 13    Spells: 0 memorised, 6 levels left

rFire  . . .     SeeInvis .     n - +0 war axe
rCold  . . .     Clarity  .     h - +0 scale mail
rNeg   . . .     SustAb   .     (no shield)
rPois  .         Gourm    .     (no helmet)
rElec  .         Spirit   +     (no cloak)
rCorr  .         Warding  .     (no gloves)
rMut   .         Stasis   .     (no boots)
MR     +....                    (no amulet)
Stlth  ..........               (no ring)
                                i - ring of protection from magic

@: lethally poisoned, exhausted, slowed, very slow, somewhat resistant to
hostile enchantments, extremely unstealthy
A: fangs 2, regeneration 2, magic shield, antimagic bite, no device heal 3, rot
immunity
a: Burn Spellbooks, Berserk, Trog's Hand, Renounce Religion


You were on level 6 of the Dungeon.
You worshipped Trog.
Trog was most pleased with you.
You were hungry.

You visited 1 branch of the dungeon, and saw 6 of its levels.

You collected 44 gold pieces.

Notes
Turn   | Place    | Note
--------------------------------------------------------------
     0 | D:1      | Ololoev, the Vine Stalker Berserker, began the quest for the Orb.
     0 | D:1      | Reached XP level 1. HP: 11/11 MP: 1/1
    57 | D:1      | Reached XP level 2. HP: 16/16 MP: 3/3
    69 | D:2      | Noticed Terence
    74 | D:2      | Reached skill level 3 in Axes
    80 | D:2      | Killed Terence
    80 | D:2      | Reached XP level 3. HP: 5/19 MP: 1/4
   108 | D:2      | Acquired Trog's second power
   211 | D:3      | Reached XP level 4. HP: 23/23 MP: 5/5
   217 | D:3      | Reached skill level 4 in Axes
   230 | D:3      | Reached XP level 5. HP: 3/27 MP: 2/7
   492 | D:5      | Entered Level 5 of the Dungeon
   572 | D:5      | Reached skill level 5 in Axes
   679 | D:6      | Found a staircase to the Ecumenical Temple.
   726 | D:6      | Gained mutation: You heal very quickly. [vine stalker growth]
   726 | D:6      | Reached XP level 6. HP: 27/32 MP: 5/8
   808 | D:6      | Reached skill level 6 in Axes
   847 | D:6      | Reached XP level 7. HP: 32/35 MP: 9/9
   866 | D:6      | Succumbed to a giant mite's poison

Inventory:

Hand weapons
 n - a +0 war axe (weapon)
Armour
 h - a +0 scale mail (worn)
 k - a fire dragon hide
Jewellery
 i - a ring of protection from magic (left hand)
Magical devices
 g - a wand of random effects (31)
Scrolls
 a - a scroll of remove curse
 e - a scroll of identify
 p - a scroll of teleportation {unknown}
Potions
 f - a potion of curing {unknown}
 j - a potion of agility {unknown}
 l - a potion of confusion {unknown}
 q - a potion of might {unknown}
Comestibles
 b - a chunk of flesh
 c - 2 bread rations
 d - a meat ration
 o - a beef jerky

Table legend:
 A = Turns spent in this place as a percentage of turns spent in the entire game.
 B = Non-inter-level travel turns spent in this place as a percentage of non-inter-level travel turns spent in the entire game.
 C = Inter-level travel turns spent in this place as a percentage of turns spent in this place.
 D = Turns resting spent in this place as a percentage of non-inter-level travel turns spent in this place.
 E = Turns spent auto-exploring this place as a percentage of non-inter-level travel turns spent in this place.
 F = Non-inter-level travel turns spent in this place divided by the number of levels of this place that you've seen.
                   A       B       C       D       E      F
               +-------+-------+-------+-------+-------+----------------------
         Total | 100.0 | 100.0 |   0.9 |   1.8 |   0.5 | 109.2
       Dungeon | 100.0 | 100.0 |   0.9 |   1.8 |   0.5 | 109.2
               +-------+-------+-------+-------+-------+----------------------


   Skills:
 - Level 2.6 Fighting
 * Level 6.5 Axes
 - Level 2.7 Armour
 - Level 1.5 Dodging


You had 6 spell levels left.
You didn't know any spells.

Dungeon Overview and Level Annotations

Branches:
Dungeon (6/15)             Temple (0/1) D:6

Altars:


Innate Abilities, Weirdness & Mutations

You have extremely sharp teeth.
You heal very quickly.
When hurt, damage is shared between your health and your magic reserves.
Your bite disrupts and absorbs the magic of your enemies.
Potions and wands cannot restore your health.
You are immune to rotting.


Message History

The scorpion closely misses you. The scorpion stings you.
You hit the scorpion.
The scorpion is almost dead.
The scorpion stings you.
You are more poisoned.
The scorpion poisons you!
You barely miss the scorpion. Your bite misses the scorpion.
The scorpion is almost dead.
You feel sick. The scorpion stings you.
You are more poisoned.
The scorpion poisons you! The scorpion stings you.
You closely miss the scorpion. Your bite misses the scorpion.
The scorpion is almost dead.
You feel very sick. The scorpion stings you. x2
You completely miss the scorpion. Your bite misses the scorpion.
The scorpion is almost dead.
You slash the giant mite!
The giant mite is heavily wounded.
You are feeling hungry.
You feel very sick.
The giant mite bites you but does no damage.
The scorpion stings you.
You are lethally poisoned!
The scorpion poisons you! The giant mite bites you.
You are more poisoned.
The giant mite poisons you! The scorpion misses you.
You hit the scorpion but do no damage. You bite the scorpion.
You drain its power.
You feel invigorated.
The scorpion is almost dead.
You completely miss the giant mite.
The giant mite is heavily wounded.
You feel very sick. The giant mite bites you.
You are more poisoned.
The giant mite poisons you! The scorpion completely misses you.
The giant mite bites you but does no damage.
Drink which item? (? for menu, Esc to quit)
It has a very clean taste.
It was a potion of cure mutation.
You die...

......###.....####....## #
.##.#.........#......## !.
.....##..<###....#.##
....##..........>.......#
.....#..#......####......#
.......#...#.............#
...........#......#.....##
...................#.#..##
.=.......#....@s.....#..#
........##.#.#s.....#####
..........#.....(.##
.....#.......#....#
.......##.........#
..<....#..#......# .
.##.#......####
.##...#...<...######
...#....#..............


You could see a scorpion and a giant mite.

Table legend:
 A = Kills in this place as a percentage of kills in entire the game.
 B = Kills by you in this place as a percentage of kills by you in the entire game.
 C = Kills by friends in this place as a percentage of kills by friends in the entire game.
 D = Other kills in this place as a percentage of other kills in the entire game.
 E = Experience gained in this place as a percentage of experience gained in the entire game.
 F = Experience gained in this place divided by the number of levels of this place that you have seen.
                   A       B       C       D       E      F
               +-------+-------+-------+-------+-------+----------------------
         Total | 100.0 | 100.0 |  -nan |  -nan | 100.0 | 108.0
       Dungeon | 100.0 | 100.0 |  -nan |  -nan | 100.0 | 108.0
               +-------+-------+-------+-------+-------+----------------------

Vanquished Creatures
  2 giant frogs (D:6)
  An orc priest (D:6)
  A gnoll shaman (D:3)
  2 worker ants (D:6)
  2 orc wizards
  Terence (D:2)
  5 gnolls (D:3)
  An adder (D:3)
  A giant mite (D:5)
  A shadow imp (D:4)
  An adder skeleton (D:6)
  An ooze (D:4)
  8 orcs
  A bat skeleton (D:4)
  2 giant cockroaches
  5 goblins
  7 hobgoblins
  4 bats
  2 giant newts
  9 kobolds
  2 quokkas
  A rat (D:4)
60 creatures vanquished.

Action                   |  1- 3 |  4- 6 |  7- 9 || total
-------------------------+-------+-------+-------++-------
Melee: Hand axe          |    40 |    26 |       ||    66
       War axe           |       |    97 |     7 ||   104
Invok: Berserk           |     3 |     2 |       ||     5
  Use: Scroll            |       |     3 |       ||     3
       Potion            |       |       |     1 ||     1
  Eat: Chunk             |       |     4 |     1 ||     5

Vault maps used:
D:1:      evilmike_arrival_sounds_zot
D:2:      kennysheep_six_static_rooms, nicolae_overflow_crystal_walls,
          nicolae_overflow_hidden_temple, nicolae_qazlal_eye_of_the_storm,
          hangedman_abyss_or_decor_lesser_grid, kennysheep_small_spiral,
          st_stairs_11, uniq_sigmund, uniq_terence
D:3:      first_bread
D:4:      serial_shops, shop, grunt_ministairs_15
D:5:      corexii_shack_village, zin_purify, minmay_misc_feat_ornament
D:6:      vehumet_statue, minmay_temple_entry_overgrown, st_stairs_3
